 Dungeon Crawl Stone Soup version 0.18-a0-1044-g2bb894f (webtiles) character file.

109 Kristof the Shield-Bearer (level 4, -2/40 HPs)
             Began as a Minotaur Fighter on Jan 11, 2016.
             Slain by Grinder (6 damage)
             ... on level 3 of the Dungeon.
             The game lasted 00:05:22 (1363 turns).

Kristof the Shield-Bearer (Minotaur Fighter)        Turns: 1363, Time: 00:05:22

Health: -2/40      AC: 12    Str: 27    XL:     4   Next: 60%
Magic:  3/3        EV:  5    Int:  5    God:
Gold:   141        SH: 10    Dex:  9    Spells: 0 memorised, 4 levels left

rFire  . . .     SeeInvis .     a - +1 war axe
rCold  . . .     Gourm    .     m - +1 plate armour
rNeg   . . .     Faith    .     c - +0 shield
rPois  .         Spirit   .     (helmet restricted)
rElec  .         Dismiss  .     (no cloak)
rCorr  .         Reflect  .     (no gloves)
SustAt .         Harm     .     (no boots)
MR     .....                    (no amulet)
Stlth  ..........               (no ring)
                                (no ring)

@: mighty, not resistant to hostile enchantments, extremely unstealthy
A: retaliatory headbutt, horns 2
a: no special abilities


You were on level 3 of the Dungeon.
You were hungry.

You visited 1 branch of the dungeon, and saw 3 of its levels.

You collected 141 gold pieces.

Inventory:

Hand Weapons
 a - a +1 war axe (weapon)
Armour
 c - a +0 shield (worn)
 m - a +1 plate armour (worn)
Scrolls
 e - a scroll of identify
 l - 2 scrolls of teleportation
Potions
 b - a potion of degeneration {unknown}
Comestibles
 f - a bread ration
 g - a slice of pizza
 h - 5 fruits
 n - 3 chunks of flesh
 p - a beef jerky
 r - 2 meat rations


   Skills:
 + Level 4.1 Fighting
 * Level 3.7 Axes
 + Level 3.7 Armour
 + Level 1.9 Dodging
 + Level 4.4 Shields
 + Level 0.6 Spellcasting


You had 4 spell levels left.
You didn't know any spells.

Dungeon Overview and Level Annotations

Branches:
Dungeon (3/15)

Altars:
Dithmenos
Elyvilon
Fedhas
Pakellas
Qazlal
Sif Muna

Annotations:
D:3 Grinder


Innate Abilities, Weirdness & Mutations

You reflexively headbutt those who attack you in melee.
You have a pair of horns on your head.


Message History

Your shield and plate armour prevent you from hitting something.
Something hits you but does no damage. Something hits you.
You writhe in agony.
You miss something.
Something tries to affect you, but you resist.
You miss something. Something hits you.
You writhe in agony.
* * * LOW HITPOINT WARNING * * *
Your plate armour prevents you from hitting something.
Something hits you but does no damage.
You suddenly lose the ability to move!
You can move again.
You start resting.
Something hits you.
* * * LOW HITPOINT WARNING * * *
You writhe in agony.
* * * LOW HITPOINT WARNING * * *
Your shield and plate armour prevent you from hitting something.
Your headbutt misses something. Something hits you.
* * * LOW HITPOINT WARNING * * *
You writhe in agony.
You die...

### ....###
.......#### .
#..@..###
....#.###...#
#....).....##
#.....ยง.....##
#.........#..#
#.........##.# #
.......>...##.## .#
######.##.###..####
.## #. #.#
##....##)...


There were no monsters in sight!

Vanquished Creatures
  Ijyb (D:2)
  4 adders (D:2)
  A giant gecko (D:1)
  A bat (D:2)
  2 giant cockroaches (D:2)
  7 hobgoblins (D:1)
  6 jackals
  A quokka (D:2)
  2 giant newts
  9 goblins
  5 kobolds
  5 rats
44 creatures vanquished.

Notes
Turn   | Place    | Note
--------------------------------------------------------------
     0 | D:1      | Kristof the Minotaur Fighter began the quest for the Orb.
     0 | D:1      | Reached XP level 1. HP: 19/19 MP: 0/0
   257 | D:1      | Reached XP level 2. HP: 22/27 MP: 1/1
   297 | D:1      | Reached skill level 1 in Dodging
   623 | D:1      | Reached skill level 4 in Shields
   894 | D:2      | Reached XP level 3. HP: 28/33 MP: 2/2
   931 | D:2      | Noticed Ijyb
   943 | D:2      | Killed Ijyb
   969 | D:2      | Reached XP level 4. HP: 37/40 MP: 3/3
  1032 | D:2      | Found a deep blue altar of Sif Muna.
  1036 | D:2      | Found a stormy altar of Qazlal.
  1036 | D:2      | Found a shadowy altar of Dithmenos.
  1038 | D:2      | Found a white marble altar of Elyvilon.
  1039 | D:2      | Found an oddly glowing altar of Pakellas.
  1040 | D:2      | Found a blossoming altar of Fedhas.
  1325 | D:3      | Noticed Grinder
  1342 | D:3      | Paralysed by something for 4 turns
  1363 | D:3      | Slain by Grinder

Vault maps used:
D:1:      lightli_arrival_noodles
D:2:      grunt_temple_overflow_open, uniq_iyjb
D:3:      first_bread, uniq_grinder

Action                   |  1- 3 |  4- 6 || total
-------------------------+-------+-------++-------
Melee: War axe           |    58 |    41 ||    99
  Use: Potion            |     2 |     1 ||     3
       Scroll            |       |     7 ||     7
  Eat: Chunk             |       |     1 ||     1
